Map: Ephemeron LE

Players

Harstem

  • Race: Protoss Protoss
  • League: Grandmaster
  • Spawn Location: 11:00

A.I. 1 (Very Easy) - Winner!

  • Race: Protoss Protoss
  • Spawn Location: 5:00

VOD

Have the link to the VOD?

Description

Time

  • Played on: Dec. 23, 2019, 3:18 p.m.
  • Length: 6:46
Show
View Real Time Build Order
Export as new Build Order

Harstem Protoss 

Build Orders: Oracle Opening, Zealot Archon 

Get SALT Encoding   

  12  0:02  Probe  
  13  0:14  Probe  
  13  0:19  Pylon  
  14  0:27  Probe (Chrono Boost)  
  15  0:38  Gateway  
  15  0:39  Probe (Chrono Boost)  
  16  0:46  Probe (Chrono Boost)  
  16  0:49  Assimilator  
  17  0:53  Probe  
  18  0:58  Assimilator  
  18  1:05  Probe  
  18  1:10  Gateway  
  19  1:17  Probe  
  20  1:25  Cybernetics Core  
  20  1:29  Probe  
  21  1:36  Pylon  
  21  1:41  Probe  
  22  1:53  Probe  
  23  2:01  Sentry, Stalker  
  27  2:05  Probe  
  27  2:06  Warp Gate  
  28  2:11  Pylon  
  28  2:18  Probe  
  29  2:35  Stargate  
  29  2:44  Stalker  
  31  2:53  Nexus  
  31  2:56  Probe  
  32  3:03  Shield Battery  
  32  3:08  Probe  
  33  3:15  Oracle (Chrono Boost)  
  36  3:21  Probe  
  36  3:23  Pylon  
  37  3:33  Probe  
  38  3:42  Oracle (Chrono Boost)  
  41  3:49  Probe  
  42  3:57  Pylon  
  42  3:59  Robotics Facility  
  42  4:01  Probe (Chrono Boost)  
  43  4:05  Probe (Chrono Boost)  
  44  4:10  Adept x2  
  44  4:13  Probe (Chrono Boost)  
  44  4:14  Probe (Chrono Boost)  
  50  4:17  Probe (Chrono Boost)  
  50  4:19  Probe (Chrono Boost)  
  54  4:31  Probe (Chrono Boost)  
  54  4:33  Forge, Probe (Chrono Boost)  
  54  4:38  Probe (Chrono Boost)  
  54  4:40  Assimilator  
  54  4:41  Probe (Chrono Boost)  
  54  4:43  Assimilator  
  56  4:50  Probe  
  56  4:52  Probe  
  58  4:53  Twilight Council  
  58  4:56  Immortal  
  62  5:02  Probe  
  62  5:06  Probe, Pylon  
  64  5:11  Pylon  
  64  5:15  Probe  
  64  5:19  Gateway  
  65  5:23  Gateway  
  65  5:42  Gateway  
  65  5:43  Gateway  
  65  5:53  Gateway x2  
  65  5:57  Templar Archives  
  65  5:58  Immortal (Chrono Boost)  
  69  6:18  Nexus  
  69  6:28  Pylon  
  69  6:36  High Templar  
  69  6:37  High Templar x2  
  69  6:39  High Templar  
  79  6:40  Zealot x2  
  79  6:43  Pylon  
  79  6:44  Archon  
  79  6:45  Archon  
Show
View Real Time Build Order
Export as new Build Order

A.I. 1 (Very Easy) Protoss - Winner!

Build Orders:  

Get SALT Encoding   

  12  0:00  Probe  
  13  0:13  Probe  
  14  0:20  Pylon  
  14  0:36  Assimilator  
  14  0:42  Gateway  
  14  0:45  Pylon  
  14  1:15  Assimilator  
  14  1:16  Probe  
  14  1:24  Probe  
  15  1:31  Cybernetics Core  
  15  1:32  Probe  
  17  1:42  Probe  
  18  1:55  Probe  
  18  1:57  Warp Gate  
  19  2:03  Probe  
  20  2:10  Stalker  
  22  4:44  Stalker  
  24  4:46  Pylon  
  20  4:54  Probe  
  17  5:06  Probe  
  18  5:12  Zealot  
  20  5:14  Probe  
  21  5:22  Probe  
  22  5:38  Probe  
  22  5:40  Robotics Facility  
  22  5:41  Stalker  
  25  5:50  Probe  
  25  5:53  Pylon  
  26  6:02  Probe  
  27  6:10  Stalker  
  29  6:12  Probe  
  30  6:20  Probe  
  29  6:28  Probe  
Tags
 
Composition
Zealot Archon
Matchup
PvP
Player
Harstem
Spawn Locations
Cross Positions
Add a new tag
Caveats
  • Supply blocks, unpowered buildings, or Contaminate may cause inaccurate times.
  • Supply counts are checked every 10 seconds.